 Dungeon Crawl Stone Soup version 0.26-a0-651-gb41185065b (webtiles) character file.

Game seed: 4519046289645780835

3489 kae the Transmogrifier (level 10, -3/85 HPs)
             Began as a Naga Transmuter on Oct 30, 2020.
             Was a Believer of Cheibriados.
             Slain by a wight
             ... wielding a cursed +4 spear of freezing
              (8 damage)
             ... on level 8 of the Dungeon.
             The game lasted 00:07:53 (11497 turns).

kae the Transmogrifier (Naga Transmuter)           Turns: 11497, Time: 00:07:54

Health: -3/85      AC:  2    Str: 20    XL:     10   Next: 7%
Magic:  14/16      EV: 17    Int: 25    God:    Cheibriados [**....]
Gold:   447        SH:  0    Dex: 22    Spells: 13/17 levels left

rFire    . . .     SeeInvis +     - Unarmed
rCold    . . .     Faith    .   (shield currently unavailable)
rNeg     . . .     Spirit   .   (armour currently unavailable)
rPois    x         Reflect  .   (helmet currently unavailable)
rElec    .         Harm     .   (cloak currently unavailable)
rCorr    .         Rampage  .   (gloves currently unavailable)
MR       +....                  (no barding)
Stlth    ++........             (no amulet)
HPRegen  0.24/turn              m - +6 ring of intelligence
MPRegen  0.15/turn              (no ring)

@: spider-form, heavily drained, very slow
A: tiny, see invisible, spit poison 1, AC +3
a: Spit Poison, End Transformation, Bend Time, Renounce Religion


You were on level 8 of the Dungeon.
You worshipped Cheibriados.
Cheibriados was pleased with you.
You were a venomous arachnid creature.
You visited 2 branches of the dungeon, and saw 9 of its levels.

You collected 447 gold pieces.

Inventory:

Armour
 a - a +1 robe (melded)
 p - a +0 cloak (melded)
Magical Staves
 l - an uncursed staff of poison (melded)
Jewellery
 f - an uncursed ring of protection from fire {unknown}
 j - an uncursed amulet of faith {unknown}
 m - a +6 ring of intelligence (left front leg)
Wands
 o - a wand of random effects (18)
Scrolls
 b - 2 scrolls of teleportation
 c - a scroll of immolation
 e - 5 scrolls of remove curse
 k - 3 scrolls of identify
Potions
 d - 3 potions of flight
 g - 2 potions of curing
 h - 2 potions of heal wounds
 i - 2 potions of mutation
 n - a potion of haste {unknown}
 q - 2 potions of might


   Skills:
 - Level 4.0(2.5) Fighting
 - Level 1.5(0.2) Dodging
 + Level 8.6(7.0) Unarmed Combat
 - Level 4.0(2.5) Spellcasting
 - Level 10.0(8.2) Transmutations
 - Level 3.0(1.5) Poison Magic


You had 13 spell levels left.
You knew the following spells:

 Your Spells              Type           Power        Failure   Level
a - Beastly Appendage     Tmut           #####.       3%          1
b - Spider Form           Tmut/Pois      ####......   13%         3

Your spell library contained the following spells:

 Spells                   Type           Power        Failure   Level
 Wereblood                Tmut           #####...     3%          2
 Blade Hands              Tmut           #####.....   24%         5
 Ice Form                 Ice/Tmut       ###.....     38%         4


Dungeon Overview and Level Annotations

Branches:
Dungeon (8/15)             Temple (1/1) D:6
   Lair: D:8-11

Altars:
Ashenzari
Cheibriados
Dithmenos
Elyvilon
Fedhas
Gozag
Hepliaklqana
Kikubaaqudgha
Makhleb
Nemelex Xobeh
Okawaru
Qazlal
Ru
Sif Muna
Uskayaw
Vehumet
Wu Jian
Xom
Yredelemnul
Zin
The Shining One


Innate Abilities, Weirdness & Mutations

You cannot wear boots.
((Your serpentine skin is tough. (AC +3)))
You have supernaturally acute eyesight. (SInv)
((Armour fits poorly on your strangely shaped body.))
((Your system is resistant to poisons. (rPois)))
((You cover ground very slowly.))
You can spit poison.


Message History

* * * LOW HITPOINT WARNING * * *
The wight freezes you.
* * * LOW HITPOINT WARNING * * *
A wight comes into view. It is wielding a +0 halberd.
The wight hits you with a cursed +4 spear of freezing!
* * * LOW HITPOINT WARNING * * *
You feel drained.
* * * LOW HITPOINT WARNING * * *
The wight freezes you.
* * * LOW HITPOINT WARNING * * *
Things that are here:
a +0 flail; a +0 robe The wight hits you from afar with a cursed +4 spear of freezing.
* * * LOW HITPOINT WARNING * * *
You feel drained.
* * * LOW HITPOINT WARNING * * *
The wight freezes you.
* * * LOW HITPOINT WARNING * * *
The wight hits you from afar with a cursed +4 spear of freezing!
You die...

##..### ##(..)(...##.
#....###(.####.#####
###....(.## #.# #
#..##...# #.# #.....#.##
#.# #.#..##..# #.#
#..####.##...#.###.# ##
#..zzz)......).....####.
#.#####s####....##..##..
#..# ####..#...... #<##
#..#...... #. #..#......
.. #####......... .##
#.....#.##.... .
#.#####.##.... #
#†..###.##....
##'##........(.


You could see 3 wights.

Vanquished Creatures
  Pikel (D:7)
  A hornet (D:8)
  2 hippogriffs (D:7)
  Sigmund (D:2)
  A water moccasin (D:7)
  A sky beast (D:8)
  Purgy (D:4)
  2 orc warriors (D:7)
  5 ogres
  2 centaurs
  3 big kobolds (D:8)
  3 bullfrogs
  2 scorpions
  2 wights (D:8)
  A bullfrog zombie (D:8)
  A jelly (D:8)
  3 hounds
  2 orc wizards
  A bullfrog skeleton (D:4)
  A centaur skeleton (D:7)
  Crazy Yiuf (D:5)
  5 worker ants
  A killer bee zombie (D:7)
  4 gnolls
  3 adders
  A shadow imp (D:5)
  A white imp (D:7)
  2 ufetubi
  3 oozes
  2 adder zombies
  2 adder skeletons (D:4)
  3 worms
  A dart slug (D:4)
  3 leopard geckos
  15 orcs
  A giant cockroach (D:2)
  11 hobgoblins
  6 jackals
  24 kobolds
  4 quokkas
  4 bats
  5 frilled lizards
  A goblin (D:2)
  A jackal zombie (D:6)
  A quokka zombie (D:8)
  6 rats
147 creatures vanquished.

Vanquished Creatures (others)
  4 toadstools (D:1)
4 creatures vanquished.

Grand Total: 151 creatures vanquished

Notes
Turn   | Place    | Note
-------+----------+-------------------------------------------
     0 | D:1      | kae the Naga Transmuter began the quest for the Orb.
     0 | D:1      | Reached XP level 1. HP: 18/18 MP: 3/3
   255 | D:1      | Reached XP level 2. HP: 12/25 MP: 3/5
   635 | D:1      | Found a broken altar of Ashenzari.
  1190 | D:1      | Reached XP level 3. HP: 29/31 MP: 4/6
  1195 | D:1      | Learned a level 3 spell: Spider Form
  1535 | D:2      | You fall into a shaft and drop 1 floor!
  1554 | D:3      | Reached skill level 3 in Transmutations
  3071 | D:2      | Reached XP level 4. HP: 33/38 MP: 7/7
  3303 | D:2      | Noticed Sigmund
  3648 | D:4      | Reached skill level 1 in Poison Magic
  4211 | D:4      | Reached XP level 5. HP: 39/44 MP: 8/8
  4310 | D:4      | Reached skill level 4 in Transmutations
  4643 | D:4      | Noticed Purgy
  4655 | D:4      | Killed Purgy
  4655 | D:4      | Reached XP level 6. HP: 15/51 MP: 5/9
  5399 | D:2      | Killed Sigmund
  5399 | D:2      | Reached skill level 5 in Unarmed Combat
  5399 | D:2      | Reached skill level 5 in Transmutations
  5399 | D:2      | Reached XP level 7. HP: 57/57 MP: 6/10
  5663 | D:5      | Entered Level 5 of the Dungeon
  5762 | D:5      | Reached skill level 6 in Transmutations
  5823 | D:5      | Found a shadowy altar of Dithmenos.
  6515 | D:5      | Found a runed translucent door.
  6516 | D:5      | Noticed Crazy Yiuf
  6698 | D:5      | Killed Crazy Yiuf
  7081 | D:6      | Reached skill level 7 in Transmutations
  7081 | D:6      | Reached XP level 8. HP: 49/64 MP: 7/11
  7242 | D:6      | Found a staircase to the Ecumenical Temple.
  7489 | Temple   | Entered the Ecumenical Temple
  7590 | Temple   | Became a worshipper of Cheibriados the Contemplative
  8085 | D:7      | Noticed a hippogriff
  8095 | D:7      | Killed a hippogriff
  8095 | D:7      | Reached skill level 8 in Transmutations
  8158 | D:7      | Noticed a hippogriff
  8261 | D:7      | Killed a hippogriff
  8713 | D:7      | Reached skill level 9 in Transmutations
  8718 | D:7      | Reached * piety under Cheibriados
  8718 | D:7      | Reached XP level 9. HP: 48/70 MP: 9/12
  8990 | D:7      | Noticed Pikel
  8999 | D:7      | Killed Pikel
  9152 | D:7      | Reached skill level 10 in Transmutations
 10157 | D:8      | Noticed a hornet
 10222 | D:8      | Killed a hornet
 10876 | D:8      | Reached ** piety under Cheibriados
 11155 | D:8      | Reached XP level 10. HP: 51/85 MP: 13/16
 11497 | D:8      | Slain by a wight

Illustrated notes

Levels and vault maps discovered:
D:1:      ldierk_walled_garden_2, layout_basic, evilmike_ruin_ashenzari
D:2:      layout_rooms, uniq_sigmund
D:3:      layout_rooms
D:4:      layout_loops_ring, uniq_purgy
D:5:      layout_basic, nicolae_dithmenos_through_a_glass_darkly,
          uniq_crazy_yiuf_cottage
D:6:      layout_rooms, minmay_temple_entry_drinking_statues, nrook_uturn
D:7:      layout_loops_corners, uniq_pikel
D:8:      layout_rooms, zaba_anthole, hangedman_abyss_or_decor_stagger
Temple:   kilobyte_greek_temple

Skill      XL: |  1  2  3  4  5  6  7  8  9 |
---------------+----------------------------+-----
Transmutations | 3 4 5 7 9 10 | 10.0
Unarmed Combat | 4 5 7 8 |  8.6
Poison Magic   | 1 2 3 |  3.0
Fighting       | 4 |  4.0
Spellcasting   | 4 |  4.0
Dodging        | |  1.5

Action                   |  1- 3 |  4- 6 |  7- 9 | 10-12 || total
-------------------------+-------+-------+-------+-------++-------
Melee: Unarmed           |   104 |    16 |   194 |    31 ||   345
       Headbutt          |    13 |    12 |     1 |       ||    26
       Staff             |    45 |    75 |    35 |       ||   155
       Punch             |     2 |       |     4 |       ||     6
 Cast: Beastly Appendage |    26 |    11 |     1 |       ||    38
       Spider Form       |       |     4 |    36 |     2 ||    42
 Abil: Spit Poison       |    23 |     9 |     2 |       ||    34
  Use: Potion            |     1 |     7 |     2 |       ||    10
       Scroll            |       |     5 |     8 |       ||    13
Armor: Robe              |    37 |    23 |    10 |       ||    70
       Skin              |       |     1 |     8 |     1 ||    10
Dodge: Dodged            |   121 |    79 |   209 |    27 ||   436

Table legend: (Time is in decaauts)
 A = Elapsed time spent in this place.
 B = Non-inter-level travel time spent in this place.
 C = Inter-level travel time spent in this place.
 D = Time resting spent in this place.
 E = Time spent auto-exploring this place.
 F = Levels seen in this place.
 G = Mean time per level.
                   A        B        C        D        E       F      G
               +--------+--------+--------+--------+--------+-----+--------+
         Total |  13593 |  13093 |    500 |    894 |  10900 |   9 | 1510.3 |
       Dungeon |  13362 |  12953 |    409 |    894 |  10765 |   8 | 1670.2 |
        Temple |    231 |    141 |     90 |      0 |    135 |   1 |  231.0 |
               +--------+--------+--------+--------+--------+-----+--------+

Top non-repeatable levels by time:
     D:7: 2937 daAuts
     D:4: 2030 daAuts
     D:3: 1622 daAuts
     D:1: 1587 daAuts
     D:8: 1580 daAuts
     D:5: 1436 daAuts
     D:2: 1141 daAuts
     D:6: 1025 daAuts
  Temple: 231 daAuts
